 Dungeon Crawl Stone Soup version 0.30.0-5-g1a98f26d00 (webtiles) character file.

Game seed: 16528073502354148962

688 safid the Chiller (level 7, -7/55 HPs)
             Began as a Merfolk Ice Elementalist on May 8, 2023.
             Mangled by Menkaure (14 damage)
             ... on level 5 of the Dungeon.
             The game lasted 00:06:05 (3934 turns).

safid the Chiller (Merfolk Ice Elementalist)        Turns: 3934, Time: 00:06:06

Health: -7/55      AC: 10    Str:  8    XL:     7   Next: 63%
Magic:  4/13       EV: 12    Int: 17    God:
Gold:   209        SH:  0    Dex: 14    Spells: 8/15 levels left

rFire   . . .        u - +2 dagger (venom)
rCold   . . .        (no shield)
rNeg    . . .        a - +0 robe
rPois   +            i - +0 helmet
rElec   .            (no cloak)
rCorr   .            (no gloves)
SInv    .            (no boots)
Will    +....        (no amulet)
Stlth   ++           e - ring of poison resistance
HPRegen 0.29/turn    h - ring of willpower
MPRegen 0.13/turn

%: no passive effects
@: ice-armoured
A: (nimble swimmer 2), mertail
a: no special abilities


You were on level 5 of the Dungeon.
You visited 1 branch of the dungeon, and saw 5 of its levels.

You collected 209 gold pieces.

Inventory:

Hand Weapons
 u - a +2 dagger of venom (weapon)
Armour
 a - a +0 robe (worn)
 i - a +0 helmet (worn)
Jewellery
 e - a ring of poison resistance (left hand)
 h - a ring of willpower (right hand)
 s - an amulet of reflection
Wands
 j - a wand of flame (17)
 l - a wand of acid (3)
 t - a wand of polymorph (11)
Scrolls
 d - 10 scrolls of identify {unknown}
 k - a scroll of amnesia {unknown}
 m - 2 scrolls of enchant armour {unknown}
 o - a scroll of fog {unknown}
 q - a scroll of teleportation {unknown}
Potions
 b - 2 potions of magic
 f - 2 potions of might {unknown}
 g - a potion of flight {unknown}
 n - a potion of experience {unknown}
 p - a potion of curing {unknown}
 r - a potion of haste {unknown}


   Skills:
 + Level 4.9 Fighting
 - Level 2.6 Dodging
 - Level 2.1 Stealth
 + Level 4.6 Spellcasting
 + Level 6.7 Ice Magic


You had 8 spell levels left.
You knew the following spells:

 Your Spells              Type           Power      Damage    Failure   Level
a - Freeze                Ice            100%       1d10      1%          1
b - Frozen Ramparts       Ice            52%        1d8       2%          3
c - Ozocubu's Armour      Ice            26%        N/A       2%          3

Your spell library contained the following spells:

 Spells                   Type           Power      Damage    Failure   Level
 Apportation              Tloc           6%         N/A       16%         1
 Sting                    Tmut/Pois      12%        1d3       16%         1
 Blink                    Tloc           6%         N/A       22%         2
 Poisonous Vapours        Pois/Air       6%         N/A       22%         2
 Summon Ice Beast         Ice/Summ       15%        N/A       36%         4
 Leda's Liquefaction      Hex/Erth       1%         N/A       83%         4
 Manifold Assault         Tloc           3%         N/A       83%         4
 Olgreb's Toxic Radiance  Pois           3%         N/A       83%         4
 Alistair's Intoxication  Tmut/Pois      2%         N/A       99%         5
 Lee's Rapid Deconstruct  Erth           1%         3d4*      99%         5
 Statue Form              Tmut/Erth      2%         N/A       100%        6
 Storm Form               Tmut/Air       1%         N/A       100%        7


Dungeon Overview and Level Annotations

Branches:
Dungeon (5/15)
 Temple: D:4-7

Altars:
Elyvilon
Kikubaaqudgha
Okawaru

Shops:
D:1 *

Annotations:
D:3 2 transporters
D:5 Menkaure


Innate Abilities, Weirdness & Mutations

((You are very nimble when in or above water. (Stealth+, EV+, Speed+++)))
Your lower body shifts to a powerful aquatic tail in water.


Message History

* * * LOW HITPOINT WARNING * * *
Menkaure is nearby!
Casting: Ozocubu's Armour (dangerous; 2% risk of failure)
Confirm with . or Enter, or press ? or * to list all spells.
Aiming: Freeze (safe; 1% risk of failure)
Press: ? - help, Shift-Dir - straight line, f - Menkaure
Aim: Menkaure (moderately damaged, fast)
You freeze Menkaure.
Menkaure resists.
Menkaure is heavily damaged.
Menkaure resists.
The wall freezes Menkaure.
Menkaure closely misses you.
Unknown command.
Casting: Freeze (safe; 1% risk of failure)
Confirm with . or Enter, or press ? or * to list all spells.
Aiming: Freeze (safe; 1% risk of failure)
Press: ? - help, Shift-Dir - straight line, f/p - Menkaure
Aim: Menkaure (heavily damaged, fast)
You freeze Menkaure.
Menkaure resists.
Menkaure is severely damaged.
Menkaure resists.
The wall freezes Menkaure.
Menkaure calls on the powers of darkness!
Your body is wracked with pain!
* * * LOW HITPOINT WARNING * * *
Casting: Freeze (safe; 1% risk of failure)
Confirm with . or Enter, or press ? or * to list all spells.
Aiming: Freeze (safe; 1% risk of failure)
Press: ? - help, Shift-Dir - straight line, f/p - Menkaure
Aim: Menkaure (severely damaged, fast)
You freeze Menkaure.
Menkaure resists.
Menkaure is almost destroyed.
The frozen ramparts melt away.
Menkaure gestures at you while chanting.
You resist with some effort.
Casting: Freeze (safe; 1% risk of failure)
Confirm with . or Enter, or press ? or * to list all spells.
Aiming: Freeze (safe; 1% risk of failure)
Press: ? - help, Shift-Dir - straight line, f/p - Menkaure
Aim: Menkaure (almost destroyed, fast)
You freeze Menkaure but do no damage.
Menkaure completely resists.
Menkaure hits you!
You die...

####### ......+ ........# .....#
.......# .....# ......# ####.#
.....# ###..# ....# #########
#...### ... #........
>.....##########M########.#######
#####.#.......##@#........# # #
###'#.......##'#.##############
#................#####........#
#....................#.######.#
#...........................#.#
+................###†#...##.#.#
###...........##+#.#<).#....#.#..
..<...........# #.###)#.##.#.###
#######.......# #.# #)#.........


You could see Menkaure (fast).

Vanquished Creatures
  Sigmund (D:2)
  2 ogres (D:4)
  A black bear (D:4)
  2 orc priests
  An iguana (D:5)
  3 orc wizards
  4 adders
  2 dart slugs
  9 orcs
  15 ball pythons
  4 bats
  6 endoplasms
  2 giant cockroaches
  7 hobgoblins
  4 jackals (D:4)
  7 kobolds
  2 quokkas (D:2)
  3 frilled lizards
  9 goblins
  5 rats
89 creatures vanquished.

Notes
Turn   | Place    | Note
-------+----------+-------------------------------------------
     0 | D:1      | safid the Merfolk Ice Elementalist began the quest for the
                  | Orb.
     0 | D:1      | Reached XP level 1. HP: 13/13 MP: 3/3
   177 | D:1      | Reached XP level 2. HP: 18/20 MP: 0/5
   230 | D:1      | Found Xocumy's Assorted Antiques.
   235 | D:1      | Reached skill level 1 in Fighting
   669 | D:2      | Reached XP level 3. HP: 18/26 MP: 2/6
   943 | D:2      | Noticed Sigmund
   950 | D:2      | Killed Sigmund
   951 | D:2      | Reached skill level 5 in Ice Magic
   951 | D:2      | Reached XP level 4. HP: 35/35 MP: 2/9
   951 | D:2      | Reached XP level 5. HP: 41/41 MP: 2/10
  1027 | D:2      | Learned a level 3 spell: Frozen Ramparts
  1031 | D:2      | Learned a level 3 spell: Ozocubu's Armour
  2025 | D:3      | Found a transporter.
  2067 | D:3      | Found a transporter.
  2155 | D:3      | Found an iron altar of Okawaru.
  2158 | D:3      | Found a white marble altar of Elyvilon.
  2540 | D:4      | Noticed a black bear
  2550 | D:4      | Reached XP level 6. HP: 42/47 MP: 4/11
  2555 | D:4      | Killed a black bear
  2786 | D:4      | Reached skill level 6 in Ice Magic
  2907 | D:4      | Reached XP level 7. HP: 19/55 MP: 4/13
  3238 | D:4      | Found an ancient bone altar of Kikubaaqudgha.
  3614 | D:5      | Entered Level 5 of the Dungeon
  3922 | D:5      | Noticed Menkaure
  3934 | D:5      | Mangled by Menkaure

Illustrated notes

Levels and vault maps discovered:
D:1:      dpeg_arrival_snail, layout_rooms, serial_shops, shop
D:2:      layout_basic, uniq_sigmund
D:3:      gammafunk_steamed_eel, layout_basic, nicolae_overflow_hidden_temple,
          serial_aquarium, aquarium_bridge_straight [aquarium_subvault_bridge,
          aquarium_subvault_wall, aquarium_subvault_bridge,
          aquarium_subvault_window], aquarium_bridge_square
          [aquarium_subvault_wall, aquarium_subvault_wall,
          aquarium_subvault_bridge, aquarium_subvault_bridge],
          aquarium_window_fake, aquarium_window_fake, aquarium_view_2d,
          aquarium_view_2b
D:4:      layout_cave_pools, overflow_temple_1_default, amethyst_killhole
D:5:      layout_basic, uniq_menkaure

Skill      XL: |  1  2  3  4  5  6 |
---------------+-------------------+-----
Fighting       | 1 3 4 |  4.9
Spellcasting   | 3 4 |  4.6
Ice Magic      | 5 6 |  6.7
Dodging        | |  2.6
Stealth        | |  2.1

Action                     |  1- 3 |  4- 6 |  7- 9 || total
---------------------------+-------+-------+-------++-------
  Melee: Dagger            |    28 |    98 |    34 ||   160
         Punch             |     1 |       |       ||     1
   Cast: Freeze            |    31 |    31 |    25 ||    87
         Frozen Ramparts   |       |     3 |     6 ||     9
         Ozocubu's Armour  |       |     3 |     2 ||     5
   Stab: Sleeping          |     2 |     2 |       ||     4
 Armour: Robe              |     6 |    32 |     7 ||    45
  Dodge: Dodged            |    29 |    94 |    39 ||   162
